 Dungeon Crawl Stone Soup version 0.30-a0-404-g0b3c3f4973 (webtiles) character file.

Game seed: 9410520937307661621

400 MackTheKnife the Ogre Mage (level 6, -1/53 HPs)
             Began as an Ogre Hedge Wizard on Dec 7, 2022.
             Was an Initiate of Sif Muna.
             Slain by Pikel
             ... wielding a +1 whip of electrocution
              (8 damage)
             ... on level 4 of the Dungeon.
             The game lasted 00:11:45 (5573 turns).

MackTheKnife the Ogre Mage (Ogre Hedge Wizard)      Turns: 5573, Time: 00:11:45

Health: -1/53      AC:  4    Str: 15    XL:     6   Next: 84%
Magic:  6/15       EV:  6    Int: 17    God:    Sif Muna [......]
Gold:   229        SH:  0    Dex:  8    Spells: 11/17 levels left

rFire   . . .      SeeInvis .    v - +0 trident (freeze) {polearm}
rCold   . . .      Faith    .    (no shield)
rNeg    . . .      Spirit   .    b - +0 robe
rPois   .          Reflect  .    c - +0 hat
rElec   .          Harm     .    r - +0 cloak
rCorr   .          Rampage  .    (gloves unavailable)
Will    +....                    (boots unavailable)
Stlth   +.........               (no amulet)
HPRegen 0.28/turn                p - ring of willpower
MPRegen 0.14/turn                (no ring)

@: grasped by roots, constricted
A: large, unfitting armour, tough skin 1
a: Renounce Religion


You were on level 4 of the Dungeon.
You worshipped Sif Muna.
Sif Muna was noncommittal.
You visited 2 branches of the dungeon, and saw 5 of its levels.

You collected 229 gold pieces.


Innate Abilities, Weirdness & Mutations

You are too large for most types of armour.
You have tough skin. (AC +1)


   Skills:
 - Level 1.7 Dodging
 - Level 1.4 Stealth
 + Level 6.2 Spellcasting
 - Level 1.7 Conjurations
 + Level 4.2 Summonings
 - Level 0.8 Translocations


You had 11 spell levels left.
You knew the following spells:

 Your Spells              Type           Power      Damage    Failure   Level
a - Call Imp              Summ           19%        N/A       3%          2
b - Call Canine Familiar  Summ           19%        N/A       7%          3
z - Magic Dart            Conj           44%        1d5       6%          1

Your spell library contained the following spells:

 Spells                   Type           Power      Damage    Failure   Level
 Slow                     Hex            20%        N/A       13%         1
 Blink                    Tloc           16%        N/A       13%         2
 Cigotuvi's Dreadful Rot  Necr/Pois/Air  10%        N/A       19%         2
 Mephitic Cloud           Conj/Pois/Air  7%         N/A       30%         3
 Portal Projectile        Hex/Tloc       12%        N/A       32%         3
 Leda's Liquefaction      Hex/Erth       2%         N/A       77%         4

Inventory:

Hand Weapons
 v - a +0 trident of freezing (weapon) {polearm}
   (You took it off Robin on level 3 of the Dungeon)
Missiles
 t - 5 poisoned darts {throwing}
Armour
 b - a +0 robe (worn)
 c - a +0 hat (worn)
 g - a +0 robe
   (You found it on level 1 of the Dungeon)
 q - a +0 robe
   (You took it off an orc on level 3 of the Dungeon)
 r - a +0 cloak (worn)
   (You found it on level 3 of the Dungeon)
 s - a +0 robe
   (You found it on level 3 of the Dungeon)
 u - a +0 animal skin
   (You took it off a goblin on level 3 of the Dungeon)
 w - a +0 robe
   (You took it off Sigmund on level 3 of the Dungeon)
 y - a +0 robe
   (You found it on level 4 of the Dungeon)
Jewellery
 p - a ring of willpower (left hand)
   (You found it on level 2 of the Dungeon)
Wands
 e - a wand of flame (19)
   (You found it on level 4 of the Dungeon)
 j - a wand of polymorph (1)
   (You took it off Ijyb on level 4 of the Dungeon)
 o - a wand of charming (16)
   (You found it on level 2 of the Dungeon)
 B - a wand of mindburst (10)
   (You found it on level 4 of the Dungeon)
Scrolls
 d - 2 scrolls of enchant weapon {unknown}
 f - a scroll of immolation {!r!r}
 h - a scroll of poison {unknown}
 i - 3 scrolls of teleportation {@r4}
 n - 2 scrolls of fog {unknown}
 x - a scroll of noise {unknown}
 A - 2 scrolls of fear {unknown}
Potions
 a - a potion of magic
 k - 2 potions of resistance
 l - 2 potions of might {unknown}
 z - a potion of heal wounds {unknown}

Dungeon Overview and Level Annotations

Branches:
Dungeon (4/15) Zot: 18574  Temple (1/1) D:4 Zot: 5826

Altars:
Ashenzari
Cheibriados
Dithmenos
Fedhas
Gozag
Hepliaklqana
Makhleb
Okawaru
Qazlal
Ru
Sif Muna
Trog
Uskayaw
Wu Jian
Xom
Yredelemnul
Zin
The Shining One

Shops:
D:3 *

Annotations:
D:4 Pikel

#.....#.# #.......#
#..### #.......#
##.###..######..##
###.....###
#.##.....>....#.#
#......##
#.##...######..###
##.....###### #.##...#
#..# # #........>..#
#.##...# #..# #
#......####ยง# #.##...#
#..# # #......# ##.#
#h##...# #### #
#..###.###..###@##)..# #
#..# #.......5K.##...# #
#..# ####...######...# #
#..# #............# #
#..# ##...........# ####
#..#
#..>#####.##########...
#..#######...#
#..........<.##
#.....)......#
###############
###.#######.#.##########
#...


You could see Pikel (ally target), a friendly hound (summoned) and a friendly
white imp (summoned, rooted).


Message History

An iguana comes into view. ๐Ÿ˜ฎ HP[-3] MP[+1]
You take 3 damage, and now have 35/53 hp.
You swap places.
Your hound bites Pikel.
Pikel barely misses your hound.
Your hound closely misses Pikel.
Your white imp barely misses Pikel.
Reach: v) +0 trident (freeze) {polearm}
Press: ? - help, Dir - move target, f - Pikel
Aim: Pikel, wielding a +1 whip of electrocution, wearing a +0 robe and carrying a wand of roots (9) (lightly wounded, ally target, about 60% to evade your +0 trident of freezing)
You reach to attack!
You closely miss Pikel.
Your hound bites Pikel but does no damage.
Pikel hits your hound with a +1 whip of electrocution.
Your white imp gestures at Pikel.
The puff of frost hits Pikel.
Reach: v) +0 trident (freeze) {polearm}
Press: ? - help, Dir - move target, f/p - Pikel
Aim: Pikel, wielding a +1 whip of electrocution, wearing a +0 robe and carrying a wand of roots (9) (lightly wounded, ally target, about 60% to evade your +0 trident of freezing)
You reach to attack!
You miss Pikel.
Your hound bites Pikel but does no damage.
Pikel hits your hound with a +1 whip of electrocution!
Lightning courses through your hound!
Your hound dies!
Your hound's corpse disappears in a puff of smoke!
Your white imp hits Pikel but does no damage. ๐Ÿ˜ฎ HP[+1]
Aiming: Charm
Press: ? - help, Shift-Dir - straight line, f - iguana, p - Pikel
Aim: an iguana (chance to affect: 57%)
The iguana is charmed.
Pikel hits you with a +1 whip of electrocution. ๐Ÿ˜ฎ HP[-5]
You take 5 damage, and now have 31/53 hp.
Casting: Call Canine Familiar (dangerous; 7% risk of failure)
Confirm with . or Enter, or press ? or * to list all spells.
Okay, then.
Your white imp barely misses Pikel.
Pikel waves his whip at you.
Pikel zaps a wand.
The roots erupt in riotous growth!
The grasping roots grab you!
Pikel is unaffected.
Roots grab your iguana.
The grasping roots constrict your iguana!
The grasping roots constrict you!
* * * LOW HITPOINT WARNING * * *
๐Ÿ˜จ HP[-8]
You take 8 damage, and now have 23/53 hp.
Your iguana is being constricted!
Unknown command.
Reach: v) +0 trident (freeze) {polearm}
Press: ? - help, Dir - move target, f - Pikel, p - iguana
Aim: Pikel, wielding a +1 whip of electrocution, wearing a +0 robe and carrying a wand of roots (8) (lightly wounded, ally target, about 60% to evade your +0 trident of freezing)
You closely miss Pikel.
Your white imp gestures at Pikel.
The puff of frost hits Pikel.
Pikel hits you with a +1 whip of electrocution!
* * * LOW HITPOINT WARNING * * *
The grasping roots constrict your iguana!
Your iguana dies!
The grasping roots constrict you.
* * * LOW HITPOINT WARNING * * *
The grasping roots release their grip on you. ๐Ÿ˜ฑ HP[-14] MP[+1]
You take 14 damage, and now have 9/53 hp.
MASSIVE DAMAGE!! (PAUSE)
Casting: Call Canine Familiar (dangerous; 7% risk of failure)
Confirm with . or Enter, or press ? or * to list all spells.
Your white imp barely misses Pikel.
Pikel zaps a wand.
The roots erupt in riotous growth!
The grasping roots grab you!
Pikel is unaffected.
The grasping roots constrict you.
* * * LOW HITPOINT WARNING * * *
๐Ÿ˜ฑ HP[-5] MP[-3]
You take 5 damage, and now have 4/53 hp.
You lost 3 mp, and now have 6/15 mp.
Unknown command.
You feel better.
Your white imp gestures at Pikel.
The puff of frost hits Pikel!
Pikel zaps a wand.
The roots erupt in riotous growth!
Roots grab your white imp.
Pikel is unaffected.
The grasping roots constrict your white imp.
The grasping roots constrict you!
* * * LOW HITPOINT WARNING * * *
๐Ÿ˜ฑ HP[+3]
You regained 3 hp, and now have 7/53 hp.
Reach: v) +0 trident (freeze) {polearm}
Press: ? - help, Dir - move target, f/p - Pikel
Aim: Pikel, wielding a +1 whip of electrocution, wearing a +0 robe and carrying a wand of roots (6) (heavily wounded, not watching you, ally target, about 60% to evade your +0 trident of freezing)
Okay, then.
Unknown command.
Reach: v) +0 trident (freeze) {polearm}
Press: ? - help, Dir - move target, f/p - Pikel
Aim: Pikel, wielding a +1 whip of electrocution, wearing a +0 robe and carrying a wand of roots (6) (heavily wounded, not watching you, ally target, about 60% to evade your +0 trident of freezing)
You hit Pikel. You freeze Pikel.
Your white imp hits Pikel but does no damage.
Pikel hits you with a +1 whip of electrocution!
You die...

Skill      XL: |  1  2  3  4  5  6 |
---------------+-------------------+-----
Conjurations   | 1 |  1.7
Summonings     | 1 2 3 4 |  4.2
Spellcasting   | 4 5 6 |  6.2
Dodging        | |  1.7
Stealth        | |  1.4
Translocations | |  0.8

Action                   |  1- 3 |  4- 6 || total
-------------------------+-------+-------++-------
Melee: Dagger            |    55 |    31 ||    86
       Punch             |       |     2 ||     2
       Trident           |       |    62 ||    62
Throw: Dart              |       |     4 ||     4
 Cast: Magic Dart        |    92 |    72 ||   164
       Call Imp          |     7 |    15 ||    22
       Call Canine Famil |       |    17 ||    17
Evoke: Wand              |       |     1 ||     1
  Use: Potion            |     1 |     1 ||     2
       Scroll            |       |     4 ||     4
Armor: Robe              |    39 |    30 ||    69
Dodge: Dodged            |    58 |    55 ||   113

Levels and vault maps discovered:
D:1:      lemuel_arrival_lava_pool, layout_loops_ring,
          ebering_ecumenical_altar_box, minmay_pentomino_u2
D:2:      layout_loops_ring, basic_altar
D:3:      layout_loops_ring, lemuel_tele_altar, nicolae_gozag_zags_fifth_avenue,
          supply_closet_lemuel, uniq_robin, uniq_sigmund
D:4:      layout_loops_ring, minmay_temple_entry_waves,
          kennysheep_generic_room_16, uniq_pikel, uniq_ijyb
Temple:   eino_temple_rhombus

Notes
Turn   | Place    | Note
-------+----------+-------------------------------------------
     0 | D:1      | MackTheKnife the Ogre Hedge Wizard began the quest for the
                  | Orb.
     0 | D:1      | Reached XP level 1. HP: 16/16 MP: 5/5
     0 | D:1      | magus.rc [v1.9.6]
    71 | D:1      | Reached skill level 1 in Conjurations
    71 | D:1      | Reached skill level 1 in Summonings
   354 | D:1      | Reached XP level 2. HP: 24/24 MP: 4/6
   385 | D:1      | HP: 6/24 [hobgoblin (1)]
   390 | D:1      | HP: 3/24 [hobgoblin (1)]
   400 | D:1      | HP: 3/24 [frozen (2)]
   578 | D:1      | Learned a level 2 spell: Call Imp
   662 | D:1      | Reached skill level 4 in Spellcasting
   716 | D:1      | Found a faded altar of an unknown god.
   881 | D:1      | Reached XP level 3. HP: 29/31 MP: 1/8
  1621 | D:2      | You pick up a book of the Hunter and begin reading...
  1621 | D:2      | You add the spells Call Canine Familiar, Portal Projectile
                  | and Leda's Liquefaction to your library.
  1626 | D:2      | Learned a level 3 spell: Call Canine Familiar
  1991 | D:2      | Found a stormy altar of Qazlal.
  2430 | D:3      | Reached skill level 2 in Summonings
  2516 | D:3      | Reached XP level 4. HP: 39/39 MP: 7/10
  2745 | D:3      | Found an iron altar of Okawaru.
  2745 | D:3      | Noticed Robin
  2779 | D:3      | HP: 8/39 [goblin/+0 dagger[Robin] (3)]
  2785 | D:3      | HP: 8/39 [goblin/+0 dagger[Robin] (2)]
  2791 | D:3      | HP: 5/39 [goblin/+0 dagger[Robin] (3)]
  3019 | D:3      | Noticed Sigmund
  3552 | D:3      | Killed Robin
  3557 | D:3      | Reached XP level 5. HP: 26/45 MP: 2/12
  3972 | D:3      | Found Gozag's Platinum Reserve.
  4147 | D:3      | Found an opulent altar of Gozag.
  4162 | D:3      | Killed Sigmund
  4163 | D:3      | Reached skill level 5 in Spellcasting
  4163 | D:3      | Reached skill level 3 in Summonings
  4163 | D:3      | Reached XP level 6. HP: 43/53 MP: 9/14
  4218 | D:4      | Noticed Pikel
  4595 | D:4      | Reached skill level 6 in Spellcasting
  4595 | D:4      | Reached skill level 4 in Summonings
  4852 | D:4      | Noticed Ijyb
  4872 | D:4      | Killed Ijyb
  4880 | D:4      | Found a staircase to the Ecumenical Temple.
  4889 | Temple   | Entered the Ecumenical Temple
  5051 | Temple   | Became a worshipper of Sif Muna the Loreminder
  5074 | D:4      | Identified the +1 ring mail of Wiacyat {Fly rN++ Dex-4
                  | SInv}
  5570 | D:4      | HP: 12/53 [Pikel/+1 whip of electrocution (12)]
  5571 | D:4      | HP: 4/53 [constriction (5)]
  5573 | D:4      | Slain by Pikel

Vanquished Creatures
  3 lemures (D:4)
  Robin (D:3)
  An adder (D:4)
  2 worms
  A dart slug (D:3)
  4 orcs (D:3)
  7 ball pythons
  5 endoplasms
  A giant cockroach (D:2)
  11 goblins
  11 hobgoblins
  7 kobolds
  6 quokkas
  6 bats
  3 frilled lizards
  7 rats
76 creatures vanquished.

Vanquished Creatures (collateral kills)
  Sigmund (D:3)
  A lemure (D:4)
  A scorpion (D:4)
  Ijyb (D:4)
  An adder (D:3)
  An ufetubus (D:4)
  9 orcs
  A bat (D:1)
  2 endoplasms (D:1)
  4 goblins (D:3)
  3 hobgoblins
25 creatures vanquished.

Vanquished Creatures (others)
  An iguana (D:4)
1 creature vanquished.

Grand Total: 102 creatures vanquished

Table legend:
 A = Non-vault XP
 B = Vault XP
 C = Vault XP percentage of total XP
 D = Non-vault monster count
 E = Vault monster count
 F = Vault count percentage of total count
                 A         B        C        D         E       F
            +---------+---------+-------+---------+---------+-------
      Total |     264 |     308 |  53.8 |      80 |      17 |  17.5
            +---------+---------+-------+---------+---------+-------
        D:1 |      42 |       4 |   8.7 |      28 |       2 |   6.7
        D:2 |      19 |       2 |   9.5 |      11 |       1 |   8.3
        D:3 |      72 |     255 |  78.0 |      25 |      11 |  30.6
        D:4 |     131 |      47 |  26.4 |      16 |       3 |  15.8
            +---------+---------+-------+---------+---------+-------

Illustrated notes

Table legend:
 A = Kills in this place as a percentage of kills in entire the game.
 B = Kills by you in this place as a percentage of kills by you in the entire game.
 C = Kills by friends in this place as a percentage of kills by friends in the entire game.
 D = Other kills in this place as a percentage of other kills in the entire game.
 E = Experience gained in this place as a percentage of experience gained in the entire game.
 F = Experience gained in this place divided by the number of levels of this place that you have seen.
                   A       B       C       D       E      F
               +-------+-------+-------+-------+-------+----------------------
         Total | 100.0 | 100.0 | 100.0 |   N/A | 100.0 | 114.4
       Dungeon | 100.0 | 100.0 | 100.0 |   N/A | 100.0 | 143.0
               +-------+-------+-------+-------+-------+----------------------

Table legend: (Time is in decaauts)
 A = Elapsed time spent in this place.
 B = Non-inter-level travel time spent in this place.
 C = Inter-level travel time spent in this place.
 D = Time resting spent in this place.
 E = Time spent auto-exploring this place.
 F = Levels seen in this place.
 G = Mean time per level.
                   A        B        C        D        E       F      G
               +--------+--------+--------+--------+--------+-----+--------+
         Total |   5597 |   5444 |    153 |    721 |   3799 |   5 | 1119.4 |
       Dungeon |   5424 |   5282 |    142 |    721 |   3652 |   4 | 1356.0 |
        Temple |    173 |    162 |     11 |      0 |    147 |   1 |  173.0 |
               +--------+--------+--------+--------+--------+-----+--------+

Top non-repeatable levels by time:
     D:3: 1731 daAuts
     D:1: 1466 daAuts
     D:4: 1184 daAuts
     D:2: 1042 daAuts
  Temple: 173 daAuts
